 Dungeon Crawl Stone Soup version 0.28.0-43-g3370ac3207 (webtiles) character file.

Game seed: 17519110656242200026

7032 terff the Basher (level 11, 0/69 HPs)
             Began as a Gargoyle Fighter on Mar 19, 2022.
             Was a Believer of Okawaru.
             Slain by Erica
             ... wielding a +1 scimitar of flaming
              (1 damage)
             ... on level 9 of the Dungeon.
             The game lasted 00:39:10 (11195 turns).

terff the Basher (Gargoyle Fighter)                Turns: 11195, Time: 00:39:11

Health: 0/69       AC: 26    Str: 22    XL:     11   Next: 8%
Magic:  11/11      EV:  8    Int: 13    God:    Okawaru [**....]
Gold:   516        SH:  5    Dex: 11    Spells: 10/10 levels left

rFire   + . .      SeeInvis .   r - +2 flail (protect)
rCold   . . .      Faith    .   c - +0 buckler
rNeg    + + .      Spirit   .   s - +4 chain mail
rPois   ∞          Reflect  .   (no helmet)
rElec   +          Harm     .   w - +0 cloak
rCorr   .          Rampage  .   e - +1 pair of gloves of Negligence {Int+4}
Will    .....                   (no boots)
Stlth   ..........              (no amulet)
HPRegen 0.21/turn               C - ring of positive energy
MPRegen 0.12/turn               p - ring of protection from fire

@: about to teleport, slowed, very slow
A: sickness immunity, AC +8, negative energy resistance 1, electricity
resistance, torment resistance 1, petrification resistance
a: Renounce Religion, Heroism


You were on level 9 of the Dungeon.
You worshipped Okawaru.
Okawaru was pleased with you.
You visited 2 branches of the dungeon, and saw 10 of its levels.
You also visited: Ossuary.

You collected 516 gold pieces.

Inventory:

Hand Weapons
 a - a +0 vorpal flail
 d - a +0 scythe
 r - a +2 flail of protection (weapon)
Missiles
 o - 2 boomerangs of dispersal (quivered)
Armour
 c - a +0 buckler (worn)
 e - the +1 pair of gloves of Negligence (worn) {Int+4}
   (You found it on level 5 of the Dungeon)

   Int:       It affects your intelligence (+4).
 s - a +4 chain mail (worn)
 t - the +4 leather armour of Leapfrog {rF+}
   (You found it on level 5 of the Dungeon)

   rF:        It protects you from fire.
 w - a +0 cloak (worn)
 B - the +4 ring mail of Skepticism {-Tele rElec rPois Int+4}
   (You found it in an ossuary)

   Int:       It affects your intelligence (+4).
   rElec:     It insulates you from electricity.
   rPois:     It protects you from poison.
   -Tele:     It prevents most forms of teleportation.
Jewellery
 p - a ring of protection from fire (right hand)
 C - a ring of positive energy (left hand)
Wands
 k - a wand of polymorph (5)
 z - a wand of iceblast (9)
Scrolls
 i - a scroll of brand weapon
 j - 3 scrolls of teleportation
 x - a scroll of magic mapping
 y - a scroll of silence {unknown}
 A - a scroll of fear
 D - a scroll of enchant weapon {unknown}
 E - a scroll of immolation {unknown}
Potions
 b - a potion of flight
 f - 4 potions of brilliance
 g - a potion of heal wounds
 h - 7 potions of curing
 l - a potion of mutation {unknown}
 m - a potion of experience {unknown}
 n - a potion of might
 q - a potion of ambrosia
 u - a potion of lignification {unknown}
 v - 2 potions of attraction {unknown}


   Skills:
 + Level 8.3 Fighting
 + Level 11.3 Maces & Flails
 + Level 8.5 Armour
 + Level 3.1 Dodging
 + Level 1.7 Stealth
 + Level 7.1 Shields
 + Level 1.4 Evocations


You had 10 spell levels left.
You didn't know any spells.
Your spell library contained the following spells:

 Spells                   Type           Power      Damage    Failure   Level
 Confusing Touch          Hex            0%         N/A       100%        3
 Anguish                  Hex/Necr       0%         N/A       100%        4
 Yara's Violent Unravell  Hex/Tmut       0%         3d3       100%        5
 Enfeeble                 Hex            0%         N/A       100%        7
 Chain Lightning          Conj/Air       0%         N/A       100%        9
 Fire Storm               Conj/Fire      0%         5d1       100%        9
 Shatter                  Erth           0%         3d5*      100%        9
 Tukima's Dance           Hex            Unusable   N/A       N/A         3

Dungeon Overview and Level Annotations

Branches:
Dungeon (9/15)             Temple (1/1) D:6         Ossuary (visited)
   Lair: D:8-11         Orc: D:9-12

Altars:
Ashenzari
Cheibriados
Dithmenos
Elyvilon
Fedhas
Gozag
Kikubaaqudgha
Makhleb
Nemelex Xobeh
Okawaru
Qazlal
Ru
Sif Muna
Uskayaw
Vehumet
Wu Jian
Xom
Yredelemnul
Zin

Shops:
D:8 *   D:9 :

Portals:
Abyss: D:9

Annotations:
D:8 2 transporters
D:9 2 transporters, Erica; reversiblehash's ghost, journeyman MiFi


Innate Abilities, Weirdness & Mutations

You are immune to sickness and miasma.
Your stone body is resilient. (AC +8)
You are immune to poison.
You resist negative energy. (rN+)
You are resistant to electric shocks. (rElec)
You are resistant to unholy torment.
You are immune to petrification.


Message History

You slam into the rock wall!
* * * LOW HITPOINT WARNING * * *
Erica barely misses you.
You sock Erica!
Erica is severely wounded.
Erica barely misses you.
You sock Erica!
Erica is severely wounded.
Erica points at you and mumbles some strange words.
The lance of force hits you!
* * * LOW HITPOINT WARNING * * *
You are knocked back by the lance of force.
You slam into the rock wall!
Erica casts a spell.
Erica flickers and vanishes!
Deactivating autopickup; reactivate with Ctrl-A.
You hear some strange, mumbled words.
A bolt of poison appears from out of thin air!
The bolt of poison hits you but does no damage.
You resist.
You hear some strange, mumbled words.
You are confused.
You see here 21 stones.
You're too confused to move!
Something hits you but does no damage. x2
You bump into the stone wall.
You feel less confused.
You hear some strange, mumbled words.
A bolt of poison appears from out of thin air!
The bolt of poison hits you but does no damage.
You resist. Something hits you!
* * * LOW HITPOINT WARNING * * *
Something burns you.
* * * LOW HITPOINT WARNING * * *
Unknown command.
As you read the scroll of teleportation, it crumbles to dust.
You feel strangely unstable. Something hits you but does no damage.
Something hits you.
You die...

#.....#.####.####.########.))
#.....#.#.......#.#......'..)
#.....#.#.##.##.#.#.######...
####.....#.#.#...#.#.#.# #...
##.[............_.......#
#...
..)##.....#.#.#...#.#.###
#..) ...##.....#.#.##.##.#.#
#... ...##.....#.#.......#.#
#..§ ...####>###.####@####.#
#..§ ..## #..# #....({.....#
##§# ..####'#########.######
#####.. ..#......# #.###.#
#...... ..#......# #.....#
#...... ..#......# #####.#
####...... ..#......#
#.###......... ..#......#
####.{..{##...... ..#......#
##....######......


There were no monsters in sight!

Vanquished Creatures
  Harold (D:7)
  Joseph (D:9)
  A troll (D:9)
  2 hornets
  2 slime creatures (D:9)
  Sigmund (D:2)
  A wraith (D:7)
  6 humans (D:6)
  A wyvern (D:8)
  A steam dragon (D:9)
  Edmund (D:4)
  An acid dragon (D:9)
  A water moccasin (D:7)
  Duvessa (D:6)
  2 orc warriors (D:9)
  3 sky beasts
  2 necrophages
  An ice beast (D:6)
  An ogre (D:5)
  4 black bears
  4 centaurs
  3 bullfrogs
  A scorpion (D:4)
  A wyvern skeleton (D:7)
  2 water moccasin zombies
  A wyvern zombie (D:7)
  Dowan (D:6)
  6 killer bees (D:9)
  A centaur zombie (D:7)
  A hound (D:6)
  3 orc priests
  2 human zombies (Ossuary)
  3 iguanas
  Natasha (thrice) (D:3)
  7 orc wizards
  3 hound zombies
  5 mummies
  4 gnolls
  9 adders
  A shadow imp (D:8)
  A white imp (D:5)
  3 ufetubi
  An adder zombie (Ossuary)
  3 worms
  7 dart slugs
  33 orcs
  3 bats
  6 endoplasms
  2 giant cockroaches
  A gnoll zombie (Ossuary)
  8 goblins
  8 hobgoblins
  2 jackals (D:2)
  7 quokkas
  2 ball pythons
  2 frilled lizards
  A hobgoblin zombie (Ossuary)
  6 kobolds
  5 kobold zombies
  2 orc zombies
  28 rats
226 creatures vanquished.

Vanquished Creatures (others)
  A fungus (D:6)
1 creature vanquished.

Grand Total: 227 creatures vanquished

Notes
Turn   | Place    | Note
-------+----------+-------------------------------------------
     0 | D:1      | terff the Gargoyle Fighter began the quest for the Orb.
     0 | D:1      | Reached XP level 1. HP: 14/14 MP: 1/1
   130 | D:1      | Reached XP level 2. HP: 19/19 MP: 2/2
   604 | D:1      | Reached XP level 3. HP: 24/24 MP: 3/3
  1494 | D:2      | Reached XP level 4. HP: 29/29 MP: 4/4
  1764 | D:2      | Noticed Sigmund
  1788 | D:2      | Killed Sigmund
  1789 | D:2      | Reached skill level 4 in Maces & Flails
  1789 | D:2      | Reached skill level 1 in Dodging
  1789 | D:2      | Reached XP level 5. HP: 17/33 MP: 5/5
  1789 | D:2      | Reached XP level 6. HP: 20/38 MP: 6/6
  2498 | D:3      | Noticed Natasha
  2503 | D:3      | Killed Natasha
  2617 | D:3      | Noticed Natasha
  2624 | D:3      | Killed Natasha
  2845 | D:3      | Noticed Natasha
  2852 | D:3      | Killed Natasha
  2887 | D:3      | Reached XP level 7. HP: 40/44 MP: 7/7
  3266 | D:3      | Reached skill level 5 in Maces & Flails
  3564 | D:4      | Reached skill level 5 in Armour
  4261 | D:4      | Noticed Edmund
  4508 | D:4      | Killed Edmund
  4872 | D:5      | Entered Level 5 of the Dungeon
  4897 | D:5      | Reached skill level 5 in Shields
  4897 | D:5      | Reached XP level 8. HP: 47/48 MP: 8/8
  4920 | D:5      | Reached skill level 5 in Fighting
  4960 | D:5      | Identified the +4 leather armour of Leapfrog {rF+}
  5152 | D:5      | HP: 1/49 [ogre/+0 giant club (10)]
  5191 | D:5      | Reached skill level 6 in Maces & Flails
  5506 | D:5      | Identified the +1 pair of gloves of Negligence {Int+4}
  5544 | D:5      | Reached skill level 1 in Stealth
  5910 | D:5      | You fall into a shaft and drop 1 floor!
  5910 | D:6      | Noticed Duvessa
  5910 | D:6      | Noticed Dowan
  5922 | D:6      | Killed Duvessa
  5940 | D:6      | Killed Dowan
  6057 | D:6      | Reached skill level 7 in Maces & Flails
  6120 | D:6      | Found an opulent altar of Gozag.
  6199 | D:6      | Reached XP level 9. HP: 49/55 MP: 9/9
  6283 | D:6      | Found a sand-covered staircase.
  6290 | Ossuary  | Entered an ossuary
  6525 | Ossuary  | Identified the +4 ring mail of Skepticism {-Tele rElec
                  | rPois Int+4}
  6623 | D:6      | Reached skill level 8 in Maces & Flails
  6681 | D:6      | Found a staircase to the Ecumenical Temple.
  6796 | D:6      | Reached skill level 9 in Maces & Flails
  7155 | Temple   | Entered the Ecumenical Temple
  7346 | Temple   | Became a worshipper of Warmaster Okawaru
  7613 | D:7      | Reached skill level 1 in Evocations
  7613 | D:7      | Reached XP level 10. HP: 58/61 MP: 10/10
  7762 | D:7      | Noticed Harold
  7792 | D:7      | HP: 3/61 [Harold/+0 scimitar (16)]
  7801 | D:7      | HP: 1/61 [Harold/harpoon shot (3)]
  7803 | D:7      | Killed Harold
  7804 | D:7      | Reached skill level 10 in Maces & Flails
  8220 | D:7      | Reached * piety under Okawaru
  8745 | D:8      | Found a transporter.
  8747 | D:8      | Noticed a kobold demonologist
  8750 | D:8      | Found a transporter.
  8835 | D:8      | Found Tamui's Elemental Accessories.
  8953 | D:8      | Noticed a kobold demonologist
  9668 | D:9      | Found a transporter.
  9668 | D:9      | Found a one-way gate to the infinite horrors of the Abyss.
  9668 | D:9      | Noticed reversiblehash's ghost (journeyman MiFi)
  9716 | D:9      | Found a transporter.
  9732 | D:9      | Reached ** piety under Okawaru
  9763 | D:9      | Noticed a soul eater
  9763 | D:9      | Noticed a skeletal warrior
  9839 | D:9      | Found a sacrificial altar of Ru.
 10049 | D:9      | Found Baradaha's Book Emporium.
 10066 | D:9      | Reached skill level 11 in Maces & Flails
 10079 | D:9      | HP: 2/64 [slime creature (8)]
 10487 | D:9      | Noticed Joseph
 10512 | D:9      | Killed Joseph
 10513 | D:9      | Reached XP level 11. HP: 55/68 MP: 11/11
 10827 | D:9      | Noticed Erica
 11194 | D:9      | HP: 3/69 [something (11)]
 11194 | D:9      | HP: 1/69 [something (2)]
 11195 | D:9      | Slain by Erica

Illustrated notes

Levels and vault maps discovered:
D:1:      dpeg_arrival_another_circle, layout_loops_ring,
          chequers_serial_rivers_large_b
D:2:      layout_basic, minmay_diced_spiral, uniq_sigmund
D:3:      layout_loops_ring, uniq_natasha
D:4:      layout_rooms, nrook_mini_backslash, hangedman_decor_diamond_cutter,
          hangedman_glass_teeth, minmay_rat_hole, uniq_edmund
D:5:      layout_gridville, chequers_avenue
D:6:      layout_basic, mainiacjoe_overflow_chevrons, minmay_temple_entry_tees,
          nicolae_ossuary_entry_giza, minmay_ruffians, uniq_duvessa
D:7:      layout_loops_cross, uniq_harold
D:8:      gammafunk_wand_slinger, layout_loops_ring, nicolae_elemental_shop,
          chequers_serial_rivers_micro_e, sigmund_army
D:9:      layout_roguey, nicolae_ru_sacrificial_ziggurat, serial_shops, shop,
          gammafunk_ghost_abyssal_escape, uniq_joseph, uniq_erica
Temple:   eino_narrow_crystal_temple

Skill      XL: |  1  2  3  4  5  6  7  8  9 10 |
---------------+-------------------------------+-----
Fighting       | 4 5 6 8 |  8.3
Maces & Flails | 4 5 7 9 11 | 11.3
Armour         | 4 5 6 7 8 |  8.5
Dodging        | 1 2 3 |  3.1
Shields        | 4 5 6 7 |  7.1
Stealth        | 1 |  1.7
Evocations     | 1 |  1.4

Action                   |  1- 3 |  4- 6 |  7- 9 | 10-12 || total
-------------------------+-------+-------+-------+-------++-------
Melee: Flail             |    80 |   154 |   519 |   308 ||  1061
Evoke: Wand              |       |       |     2 |       ||     2
  Use: Scroll            |     3 |     3 |     7 |     7 ||    20
       Potion            |       |     1 |     1 |       ||     2
Armor: Scale mail        |    47 |    25 |       |       ||    72
       Chain mail        |       |    98 |   425 |   254 ||   777
Dodge: Dodged            |    35 |    77 |   214 |   156 ||   482
Block: Buckler           |    24 |    29 |   116 |    93 ||   262
